 Dungeon Crawl Stone Soup version 0.29.1-12-g30fa7ad0bf (webtiles) character file.

Game seed: 9371106311956917712

5 Radix the Vexing (level 1, -2/12 HPs)
             Began as a Deep Elf Arcane Marksman on Dec 14, 2022.
             Frozen to death by an endoplasm (4 damage)
             ... on level 1 of the Dungeon.
             The game lasted 00:04:51 (305 turns).

Radix the Vexing (Deep Elf Arcane Marksman)          Turns: 305, Time: 00:04:52

Health: -2/12      AC:  2    Str: 13    XL:     1   Next: 66%
Magic:  5/5        EV: 12    Int: 17    God:
Gold:   16         SH:  0    Dex: 15    Spells: 2/3 levels left

rFire   . . .      SeeInvis .   a - +1 sling
rCold   . . .      Faith    .   (no shield)
rNeg    . . .      Spirit   .   c - +0 robe
rPois   .          Reflect  .   (no helmet)
rElec   .          Harm     .   (no cloak)
rCorr   .          Rampage  .   (no gloves)
Will    .....                   (no boots)
Stlth   +.........              (no amulet)
HPRegen 0.04/turn               f - +6 ring of strength
MPRegen 0.09/turn               (no ring)

@: no status effects
A: no striking features
a: no special abilities


You were on level 1 of the Dungeon.
You visited 1 branch of the dungeon, and saw 1 of its levels.

You collected 16 gold pieces.

Inventory:

Hand Weapons
 a - a +1 sling (weapon)
 h - a +2 vampiric dagger
Armour
 c - a +0 robe (worn)
Jewellery
 f - a +6 ring of strength (left hand)
Scrolls
 b - a scroll of poison
 e - a scroll of teleportation {unknown}
 g - a scroll of identify {unknown}
Potions
 d - a potion of invisibility {unknown}


   Skills:
 + Level 1.1 Fighting
 + Level 3.1 Ranged Weapons
 - Level 2.4 Dodging
 - Level 1.5 Spellcasting
 - Level 4.0 Hexes


You had 2 spell levels left.
You knew the following spells:

 Your Spells              Type           Power      Damage    Failure   Level
a - Slow                  Hex            56%        N/A       4%          1

Your spell library contained the following spells:

 Spells                   Type           Power      Damage    Failure   Level
 Inner Flame              Hex/Fire       8%         N/A       26%         3
 Portal Projectile        Hex/Tloc       16%        N/A       26%         3
 Cause Fear               Hex            7%         N/A       36%         4


Dungeon Overview and Level Annotations

Branches:
Dungeon (1/15)

Altars:


Message History

Really attack while wielding your +1 sling?
Okay, then.
Fire: a) +1 sling
Press: ? - help, Q - select action, (/) - cycle Shift-Dir - straight line, f - kobold
Aim: a kobold, wielding a +0 dagger and quivering stones (50% to hit)
You shoot a sling bullet.
The sling bullet closely misses the kobold.
The sling bullet barely misses the endoplasm.
The hobgoblin shouts!
The kobold hits you with a +0 dagger. The kobold barely misses you.
The endoplasm barely misses you.
Fire: a) +1 sling
Press: ? - help, Q - select action, (/) - cycle Shift-Dir - straight line, f/p - kobold
Aim: a kobold, wielding a +0 dagger and quivering stones (50% to hit)
You shoot a sling bullet.
The sling bullet hits the kobold but does no damage.
The kobold hits you with a +0 dagger.
The endoplasm hits you but does no damage.
Fire: a) +1 sling
Press: ? - help, Q - select action, (/) - cycle Shift-Dir - straight line, f/p - kobold
Aim: a kobold, wielding a +0 dagger and quivering stones (50% to hit)
You shoot a sling bullet. The sling bullet hits the kobold.
You kill the kobold!
Fire: a) +1 sling
Press: ? - help, Q - select action, (/) - cycle Shift-Dir - straight line, f - endoplasm
Aim: an endoplasm (85% to hit)
You shoot a sling bullet. The sling bullet hits the endoplasm.
The endoplasm is almost dead.
The endoplasm freezes you.
You are frozen.
* * * LOW HITPOINT WARNING * * *
Fire: a) +1 sling
Press: ? - help, Q - select action, (/) - cycle Shift-Dir - straight line, f/p - endoplasm
Aim: an endoplasm (almost dead, 85% to hit)
You shoot a sling bullet.
The sling bullet barely misses the endoplasm.
The sling bullet barely misses the hobgoblin.
The endoplasm freezes you.
You are frozen.
You die...

#############
##>..gJ@.....#
.......#######.#
..!.....# #.#
####.#..# #.#
#.#..######.#######
# #...............#
# #...#####.#####.#
#.#...# #.#
####.#...#####.#


You could see an endoplasm and a hobgoblin.

Vanquished Creatures
  An endoplasm (D:1)
  A giant cockroach (D:1)
  A hobgoblin (D:1)
  A kobold (D:1)
  A rat (D:1)
5 creatures vanquished.

Vanquished Creatures (others)
  3 plants (D:1)
3 creatures vanquished.

Grand Total: 8 creatures vanquished

Notes
Turn   | Place    | Note
-------+----------+-------------------------------------------
     0 | D:1      | Radix the Deep Elf Arcane Marksman began the quest for the
                  | Orb.
     0 | D:1      | Reached XP level 1. HP: 11/11 MP: 5/5
    92 | D:1      | Reached skill level 1 in Fighting
   305 | D:1      | Frozen to death by an endoplasm

Illustrated notes

Levels and vault maps discovered:
D:1:      lightli_arrival_noodles, layout_loops_ring, serial_bayou,
          serial_bayou_pond_e, serial_bayou_crossing, serial_bayou_pond_a,
          serial_bayou_pond_e, minmay_statues_item,
          chequers_serial_rivers_micro_c, serial_bayou_pond_a

Skill      XL: |  1 |
---------------+----+-----
Fighting       | 1 |  1.1
Ranged Weapons | 3 |  3.1
Dodging        | |  2.4
Spellcasting   | |  1.5
Hexes          | |  4.0

Action                   || total
-------------------------++-------
 Fire: Sling             ||    18
 Cast: Slow              ||     3
Armor: Robe              ||     3
Dodge: Dodged            ||     5
